 Dungeon Crawl Stone Soup version 0.17-a0-131-ga9cda9c (webtiles) character file.

125 karlm the Chucker (level 5, -2/54 HPs)
             Began as an Ogre Hunter on Mar 24, 2015.
             Succumbed to Sigmund's poison
             ... on level 2 of the Dungeon.
             The game lasted 00:07:32 (2371 turns).

karlm the Chucker (Ogre Hunter)                     Turns: 2371, Time: 00:07:33

Health: -2/54      AC:  3    Str: 18    XL:     5   Next: 9%
Magic:  5/5        EV: 10    Int: 10    God:
Gold:   60         SH:  0    Dex: 10    Spells: 0 memorised, 4 levels left

rFire  . . .     SeeInvis .     k - +0 whip
rCold  . . .     Clarity  .     d - +0 animal skin
rNeg   . . .     SustAb   .     (shield restricted)
rPois  .         Gourm    .     (helmet restricted)
rElec  .         Spirit   .     (no cloak)
rCorr  .         Warding  .     (gloves unavailable)
rMut   .         Stasis   .     (boots unavailable)
MR     .....                    (no amulet)
Stlth  +.........               (no ring)
                                (no ring)

@: lethally poisoned (-2 -> -35), not resistant to hostile enchantments, very
unstealthy
A: unfitting armour, tough skin 1
a: no special abilities


You were on level 2 of the Dungeon.
You were not hungry.

You visited 1 branch of the dungeon, and saw 2 of its levels.

You collected 60 gold pieces.

Inventory:

Hand weapons
 k - a +0 whip (weapon)
Missiles
 b - 4 large rocks
 c - 2 throwing nets
 p - 23 stones (quivered)
Armour
 d - a +0 animal skin (worn)
Magical devices
 r - a wand of confusion (20)
Scrolls
 i - 4 scrolls of identify {unknown}
 j - a scroll of amnesia {unknown}
 m - 3 scrolls of enchant armour {unknown}
 n - a scroll of fear {unknown}
 o - a scroll of immolation {unknown}
 q - a scroll of recharging {unknown}
 s - 2 scrolls of remove curse {unknown}
Potions
 e - a potion of curing {unknown}
 g - a potion of might {unknown}
 h - a potion of heal wounds {unknown}
 l - a potion of lignification {unknown}
Comestibles
 a - a bread ration
 f - 4 meat rations
 t - 2 chunks of flesh
 u - a beef jerky


   Skills:
 * Level 4.1 Fighting
 * Level 3.0 Maces & Flails
 * Level 5.2 Throwing
 + Level 2.1 Dodging
 + Level 1.2 Stealth


You had 4 spell levels left.
You didn't know any spells.

Dungeon Overview and Level Annotations

Branches:
Dungeon (2/15)

Altars:

Annotations:
D:2 Sigmund


Innate Abilities, Weirdness & Mutations

You are too large for most types of armour.
You have tough skin (AC +1).


Message History

You miss something.
You feel sick. Something hits you.
You are lethally poisoned!
You barely miss something.
* * * LOW HITPOINT WARNING * * *
You feel sick. Something hits you.
* * * LOW HITPOINT WARNING * * *
You are more poisoned.
You miss something.
* * * LOW HITPOINT WARNING * * *
You feel sick.
You closely miss something.
* * * LOW HITPOINT WARNING * * *
You feel sick. Something hits you!
* * * LOW HITPOINT WARNING * * *
You are more poisoned.
You miss something.
* * * LOW HITPOINT WARNING * * *
You feel sick.
You barely miss something.
You die...

#.########
#...#
.........#
###<#
..######.#
#.#
..######.#
#.#
......##.#
#.#
..###.##.#
#.# ..#
#.##.# #.#
..# #.##.#
#)# ..#
#.##.# #@#
##
.####.##.#
#.# #.
.....#...#
#.# #.
#####.####
#.# #.
#####.#
#.# #.
......#
#.# #.
#######
.$) #.
.[.... #.#
#######.
###### #..
.......#.


There were no monsters in sight!

Vanquished Creatures
  4 gnolls (D:2)
  An adder (D:2)
  3 worms (D:2)
  2 ball pythons (D:2)
  4 giant cockroaches (D:1)
  10 goblins
  9 hobgoblins
  6 jackals
  7 kobolds
  4 bats
  2 giant newts
  6 rats
58 creatures vanquished.

Notes
Turn   | Place    | Note
--------------------------------------------------------------
     0 | D:1      | karlm, the Ogre Hunter, began the quest for the Orb.
     0 | D:1      | Reached XP level 1. HP: 22/22 MP: 1/1
    98 | D:1      | Reached XP level 2. HP: 17/31 MP: 2/2
   303 | D:1      | Reached skill level 1 in Maces & Flails
   555 | D:1      | Reached skill level 1 in Stealth
   693 | D:1      | Reached XP level 3. HP: 35/37 MP: 3/3
  1198 | D:2      | Noticed Sigmund
  1563 | D:2      | Reached XP level 4. HP: 35/45 MP: 4/4
  1789 | D:2      | Reached skill level 5 in Throwing
  2169 | D:2      | Reached XP level 5. HP: 54/54 MP: 5/5
  2370 | D:2      | HP: 1/54 [poisoned by Sigmund]
  2371 | D:2      | Succumbed to Sigmund's poison

Action                   |  1- 3 |  4- 6 || total
-------------------------+-------+-------++-------
Melee: Short sword       |    27 |       ||    27
       Whip              |   115 |    78 ||   193
       Club              |    18 |       ||    18
Throw: Large rock        |    10 |     3 ||    13
       Throwing net      |     2 |       ||     2
       Stone             |    49 |    35 ||    84
 Stab: Held in net/web   |     2 |       ||     2
  Eat: Chunk             |     1 |     4 ||     5
